[Event "2nd Guotai Cup Belt Road 2019"]
[Site "Qinhuangdao"]
[Date "2019.04.24"]
[Round "8.9"]
[White "Peng, Xiongjian"]
[Black "Li, Yunshan"]
[Result "1-0"]
[ECO "A39"]
[WhiteElo "2459"]
[BlackElo "2191"]
[Annotator "ChessBase"]
[PlyCount "95"]
[EventDate "2019.04.16"]
[EventType "swiss"]
[EventCountry "CHN"]
[SourceTitle "playchess.com"]
[Source "ChessBase"]
[SourceQuality "1"]
[TimeControl "5400+30"]

1. Nf3 Nf6 2. c4 c5 3. g3 g6 4. Bg2 Bg7 5. d4 cxd4 6. Nxd4 O-O 7. Nc3 Nc6 8. O-O a6 9. e3 Rb8 10. a4 Qc7 11. b3 d6 12. Bd2 Bd7 13. a5 b6 14. axb6 Qxb6 15. Nce2 Nxd4 16. Nxd4 e5 17. Ba5 Qc5 18. b4 Qc8 19. Nf3 e4 20. Nd2 Bg4 21. Qc2 Be2 22. Nxe4 Bxf1 23. Nxf6+ Bxf6 24. Rxf1 Bd8 25. Rd1 Bxa5 26. bxa5 Qc7 27. Qc3 Rb5 28. h4 Qxa5 29. Qd4 Rb4 30. Bd5 Qb6 31. Qf6 Rb1 32. Rxb1 Qxb1+ 33. Kg2 a5 34. Qxd6 a4 35. Qa6 Qb3 36. e4 Qb4 37. Qa7 a3 38. c5 a2 39. c6 Qb2 40. Bxa2 Qe5 41. Bd5 Kg7 42. Qd7 Qe8 43. Qd6 Qd8 44. e5 Qc8 45. c7 h5 46. Qf6+ Kh7 47. Bxf7 Qb7+ 48. Kh2 1-0